 Dungeon Crawl Stone Soup version 0.27.1-34-g3ba077fa99 (webtiles) character file.

Game seed: 8190471654910745774

336 sankara the Ruffian (level 6, -6/61 HPs)
             Began as a Troll Monk on Jan 19, 2022.
             Succumbed to a goblin's poison
             ... on level 4 of the Dungeon.
             The game lasted 00:04:29 (2017 turns).

sankara the Ruffian (Troll Monk)                    Turns: 2017, Time: 00:04:30

Health: -6/61      AC:  4    Str: 20    XL:     6   Next: 28%
Magic:  5/5        EV: 11    Int:  6    God:
Gold:   168        SH:  0    Dex: 14    Spells: 5/5 levels left

rFire    . . .     SeeInvis .     - Unarmed
rCold    . . .     Faith    .   (no shield)
rNeg     . . .     Spirit   .   a - +0 robe
rPois    .         Reflect  .   (helmet restricted)
rElec    .         Harm     .   (no cloak)
rCorr    .         Rampage  .   (gloves unavailable)
Will     .....                  (boots unavailable)
Stlth    ++........             (no amulet)
HPRegen  1.20/turn              (no ring)
MPRegen  0.09/turn              (no ring)

@: lethally poisoned (-6 -> -30)
A: large, unfitting armour, claws 3, regeneration 1, shaggy fur 1, tough skin 1
a: no special abilities


You were on level 4 of the Dungeon.
You visited 1 branch of the dungeon, and saw 4 of its levels.

You collected 168 gold pieces.

Inventory:

Missiles
 b - 6 boomerangs (quivered)
 c - 188 stones
 e - 63 sling bullets
 n - 3 poisoned darts
Armour
 a - a +0 robe (worn)
Jewellery
 d - a ring of magical power
Wands
 h - a wand of polymorph (8)
Scrolls
 g - 3 scrolls of amnesia {unknown}
 i - 3 scrolls of identify {unknown}
 k - a scroll of silence {unknown}
 l - a scroll of fog {unknown}
 o - a scroll of teleportation {unknown}
Potions
 f - a potion of brilliance {unknown}
 j - a potion of flight {unknown}
 m - a potion of curing {unknown}
 p - a potion of magic {unknown}


   Skills:
 + Level 3.5 Fighting
 + Level 3.5 Dodging
 - Level 1.0 Stealth
 * Level 5.5 Unarmed Combat


You had 5 spell levels left.
You didn't know any spells.
Your spell library contained the following spells:

 Spells                   Type           Power      Damage    Failure   Level
 Slow                     Hex            0%         N/A       58%         2
 Confusing Touch          Hex            0%         N/A       83%         3
 Yara's Violent Unravell  Hex/Tmut       0%         3d3       100%        5


Dungeon Overview and Level Annotations

Branches:
Dungeon (4/15)
 Temple: D:4-7

Altars:

Shops:
D:4 *

Annotations:
D:4 Robin


Innate Abilities, Weirdness & Mutations

You are too large for most types of armour.
You have claws for hands.
Your natural rate of healing is unusually fast.
You are covered in fur. (AC +1)
You have tough skin. (AC +1)


Message History

You barely miss Natasha.
Natasha is severely wounded.
You feel very sick.
The goblin hits the bush but does no damage.
The crimson imp blinks!
The goblin hits you with a +2 dagger of venom.
You are more poisoned.
You scratch Natasha.
Natasha is almost dead.
You feel extremely sick.
The hobgoblin hits the bush but does no damage.
Natasha barely misses you.
The hobgoblin hits you but does no damage.
The goblin hits the bush but does no damage.
You closely miss Natasha.
Natasha is almost dead.
* * * LOW HITPOINT WARNING * * *
You feel very sick.
The goblin hits you with a +2 dagger of venom.
* * * LOW HITPOINT WARNING * * *
You are more poisoned.
The hobgoblin hits the bush but does no damage.
Natasha claws you.
* * * LOW HITPOINT WARNING * * *
The hobgoblin closely misses you.
The goblin hits the bush but does no damage.
Unknown command.
You claw Natasha!
You kill Natasha!
Natasha screams in fury as she dies!
The crimson imp disappears in a puff of smoke!
* * * LOW HITPOINT WARNING * * *
You feel very sick.
The goblin hits you with a +2 dagger of venom.
* * * LOW HITPOINT WARNING * * *
You are more poisoned.
The hobgoblin hits you but does no damage.
The hobgoblin hits the bush.
Unknown command.
You die...

###.. #.. ###########..
####........#⌠.⌠ ###
##..)........#.∩.
PPPPPPPPP.P..........⌠.⌠
...P...P.P.............
PP.PPPgPPP.P...#####.....
.P.§g.g.@..P...# #.....


.PPP.PgPPPPP..## #..... P...P.....P..# #..... P.PPPPP.PPP..# #..... P
.P........# #.#### PP..PPP. .# #.#.#. P. . # #..... PP P #.#... #..... You could
see 2 hobgoblins and 2 goblins.

Vanquished Creatures
  A jelly (D:4)
  Natasha (twice) (D:4)
  2 iguanas (D:4)
  An orc wizard (D:4)
  2 hound skeletons
  5 adders
  2 ufetubi (D:4)
  An adder skeleton (D:4)
  A worm (D:2)
  3 dart slugs (D:3)
  4 orcs
  3 endoplasms
  2 giant cockroaches (D:1)
  16 goblins
  5 hobgoblins
  9 jackals
  A quokka (D:2)
  6 ball pythons
  4 bats
  3 frilled lizards
  8 kobolds
  5 rats
86 creatures vanquished.

Vanquished Creatures (others)
  A bush (D:4)
1 creature vanquished.

Grand Total: 87 creatures vanquished

Notes
Turn   | Place    | Note
-------+----------+-------------------------------------------
     0 | D:1      | sankara the Troll Monk began the quest for the Orb.
     0 | D:1      | Reached XP level 1. HP: 22/22 MP: 0/0
     2 | D:1      | Noticed a vine stalker
     2 | D:1      | Noticed a spriggan
     4 | D:1      | Noticed a palentonga
     6 | D:1      | Noticed an octopode
     6 | D:1      | Noticed a formicid
     8 | D:1      | Noticed a tengu
     8 | D:1      | Noticed a demonspawn
    11 | D:1      | Noticed an ogre
    11 | D:1      | Noticed a minotaur
    13 | D:1      | Noticed a human
    13 | D:1      | Noticed a gargoyle
    15 | D:1      | Noticed a troll
    15 | D:1      | Noticed a merfolk
    17 | D:1      | Noticed a dwarf
    17 | D:1      | Noticed a felid
    19 | D:1      | Noticed a naga
    21 | D:1      | Noticed a draconian
    21 | D:1      | Noticed a demigod
    23 | D:1      | Noticed a barachi
    25 | D:1      | Noticed a vampire
    25 | D:1      | Noticed an elf
    27 | D:1      | Noticed a djinni
    27 | D:1      | Noticed a ghoul
   101 | D:1      | Reached XP level 2. HP: 29/29 MP: 1/1
   300 | D:1      | You fall into a shaft and drop 1 floor!
   404 | D:2      | Reached XP level 3. HP: 27/36 MP: 2/2
   658 | D:2      | Reached skill level 4 in Unarmed Combat
   681 | D:2      | Reached XP level 4. HP: 30/44 MP: 3/3
   830 | D:2      | Found a faded altar of an unknown god.
  1725 | D:4      | Reached XP level 5. HP: 53/53 MP: 4/4
  1806 | D:4      | Found Qesoo's Assorted Antiques.
  1811 | D:4      | Noticed Robin
  1834 | D:4      | Reached skill level 5 in Unarmed Combat
  1905 | D:4      | Reached XP level 6. HP: 52/61 MP: 5/5
  1933 | D:4      | Noticed Natasha
  1948 | D:4      | Killed Natasha
  2003 | D:4      | Noticed Natasha
  2016 | D:4      | Killed Natasha
  2016 | D:4      | HP: 3/61 [poisoned by a goblin]
  2016 | D:4      | HP: 1/61 [goblin[Robin] (2)]
  2017 | D:4      | Succumbed to a goblin's poison

Illustrated notes

Levels and vault maps discovered:
D:1:      kb_arrival_jail, layout_loops_ring, minmay_box_of_dots
D:2:      layout_basic, basic_ecumenical_altar
D:3:      layout_loops_ring, serial_aquarium, aquarium_bridge_island_large
          [aquarium_subvault_large_4_pools, aquarium_subvault_wall,
          aquarium_subvault_bridge, aquarium_subvault_wall,
          aquarium_subvault_bridge], aquarium_bridge_long_joined
          [aquarium_subvault_balcony, aquarium_subvault_bridge,
          aquarium_subvault_bridge, aquarium_subvault_bridge,
          aquarium_subvault_wall, aquarium_subvault_window],
          aquarium_window_double, aquarium_window_fake, aquarium_window_2,
          aquarium_view_2c, aquarium_view_2e, aquarium_pool_1,
          minmay_misc_feat_diagonals
D:4:      layout_basic, serial_shops, shop_fountains, kennysheep_mini,
          minmay_hedge_maze, st_stairs_4, uniq_robin, uniq_natasha

Skill      XL: |  1  2  3  4  5 |
---------------+----------------+-----
Unarmed Combat | 4 5 |  5.5
Fighting       | 3 |  3.5
Dodging        | 3 |  3.5
Stealth        | |  1.0

Action                   |  1- 3 |  4- 6 || total
-------------------------+-------+-------++-------
Melee: Unarmed           |    69 |   130 ||   199
       Punch             |       |     5 ||     5
 Stab: Sleeping          |     5 |     4 ||     9
Armor: Robe              |     7 |    49 ||    56
Dodge: Dodged            |    27 |    66 ||    93
